 Dungeon Crawl Stone Soup version 0.32-a0-913-g739538afd8 (webtiles) character file.

Game seed: 994248837798771164

94350 Querens the Eclecticist (level 15, -20/72 HPs)
             Began as a Deep Elf Conjurer on Apr 7, 2024.
             Was the Champion of Vehumet.
             Demolished by a culicivora (35 damage)
             ... led by a torpor snail
             ... on level 2 of the Spider Nest on Apr 9, 2024.
             The game lasted 01:40:59 (13702 turns).

Querens the Eclecticist (Deep Elf Conjurer)        Turns: 13702, Time: 01:41:00

Health: -20/72     AC:  9    Str:  4    XL:     15   Next: 34%
Magic:  23/41      EV: 11    Int: 37    God:    Vehumet [******]
Gold:   1299       SH:  0    Dex: 16    Spells: 3/54 levels left

rFire   + . .        E - +5 spear "Deggaoqa" {flame, *Noise Dex+3 SInv}
rCold   + . .        (no shield)
rNeg    . . .        V - +1 robe {rC+ rF+}
rPois   .            (no helmet)
rElec   .            p - +0 cloak
rCorr   .            D - +1 pair of gloves
SInv    +            d - +2 pair of boots
Will    ++...        B - amulet of magic regeneration
Stlth   ++           Z - +6 ring of intelligence
HPRegen 0.32/turn    N - ring of willpower
MPRegen 0.67/turn

%: no passive effects
@: slowed, studying Shapeshifting, very slow
A: no striking features
a: Renounce Religion


You were on level 2 of the Spider Nest.
You worshipped Vehumet.
Vehumet was exalted by your worship.
You visited 5 branches of the dungeon, and saw 22 of its levels.
You also visited: Sewer.

You collected 2229 gold pieces.
You spent 930 gold pieces at shops.

Inventory:

Hand Weapons
 E - the +5 spear "Deggaoqa" (weapon) {flame, *Noise Dex+3 SInv}
   (You found it on level 5 of the Lair of Beasts)

   Dex+3:     It affects your dexterity (+3).
   SInv:      It lets you see invisible.
   *Noise:    It may make a loud noise when swung.
 K - the +11 trident of Yesterday {antimagic, *Corrode rPois Will+ Int+2}
   (You found it on level 9 of the Dungeon)

   Int+2:     It affects your intelligence (+2).
   rPois:     It protects you from poison.
   Will+:     It increases your willpower.
   *Corrode:  It may corrode you when you take damage.
Missiles
 e - a curare-tipped dart
 H - a throwing net
Armour
 d - a +2 pair of boots (worn)
 h - the +1 leather armour of Day {^Drain rF++ Int+3 Dex+2}
   (You found it on level 5 of the Lair of Beasts)

   Int+3:     It affects your intelligence (+3).
   Dex+2:     It affects your dexterity (+2).
   rF++:      It greatly protects you from fire.
   ^Drain:    It drains your maximum health when unequipped.
 o - a scarf of harm
 p - a +0 cloak (worn)
 w - a +0 robe of positive energy
 D - a +1 pair of gloves (worn)
 V - a +1 robe of resistance (worn)
Magical Staves
 C - a staff of cold
 T - a staff of earth
Jewellery
 y - a ring of protection from cold
 B - an amulet of magic regeneration (around neck)
 N - a ring of willpower (right hand)
 W - a ring of ice
 Z - a +6 ring of intelligence (left hand)
Wands
 c - a wand of flame (22)
 z - a wand of iceblast (5)
 M - a wand of acid (2)
 R - a wand of mindburst (8)
Scrolls
 f - 10 scrolls of teleportation
 i - a scroll of brand weapon
 j - 3 scrolls of enchant armour
 m - 2 scrolls of fear
 n - 4 scrolls of fog
 t - a scroll of enchant weapon
 u - 4 scrolls of noise
 x - 4 scrolls of revelation
 G - 3 scrolls of silence
 L - a scroll of blinking
 S - 4 scrolls of immolation
 X - a scroll of poison {unknown}
Potions
 a - 2 potions of resistance {unknown}
 b - 4 potions of magic
 g - 3 potions of invisibility
 k - 6 potions of heal wounds
 l - 2 potions of cancellation {unknown}
 q - 2 potions of haste
 r - 2 potions of mutation {unknown}
 s - 9 potions of ambrosia
 v - 7 potions of curing
 A - a potion of experience {unknown}
 F - a potion of berserk rage {unknown}
 I - 3 potions of enlightenment
 O - a potion of attraction {unknown}
 Q - 3 potions of lignification
 U - a potion of might {unknown}
Miscellaneous
 J - a condenser vane


   Skills:
 - Level 2.4 Dodging
 - Level 2.4 Stealth
 + Level 20.0 Spellcasting
 + Level 17.3 Conjurations
 - Level 12.0 Translocations
 + Level 14.5 Fire Magic


You had 3 spell levels left.
You knew the following spells:

 Your Spells              Type           Power      Damage    Failure   Level
a - Magic Dart            Conj           100%       1d8       0%          1
b - Searing Ray           Conj           100%       2d8       0%          2
c - Iskenderun's Mystic   Conj/Tloc      98%        2d19      (+2d10%     4
d - Fulminant Prism       Conj/Alch      39%        3d18      1%          4
e - Blink                 Tloc           100%       N/A       0%          2
f - Swiftness             Air            37%        N/A       2%          3
g - Fire Storm            Conj/Fire      50%        8d13      28%         9
h - Iskenderun's Battles  Conj           100%       2d15      0%          5
i - Lehudib's Crystal Sp  Conj/Erth      39%        10d10     36%         8
j - Starburst             Conj/Fire      50%        6d14      1%          6
k - Orb of Destruction    Conj           52%        9d13      1%          7

Your spell library contained the following spells:

 Spells                   Type           Power      Damage    Failure   Level
 Apportation              Tloc           100%       N/A       0%          1
 Sting                    Conj/Alch      100%       1d9       0%          1
 Lesser Beckoning         Tloc           100%       N/A       0%          2
 Momentum Strike          Conj/Tloc      100%       3d10      0%          2
 Necrotise                Necr           100%       1d9       1%          1
 Sandblast                Erth           74%        2d16      1%          1
 Summon Small Mammal      Summ           100%       N/A       1%          1
 Jinxbite                 Hex            74%        N/A       1%          2
 Frozen Ramparts          Ice            74%        1d12      1%          3
 Inner Flame              Hex/Fire       74%        N/A       1%          3
 Stone Arrow              Conj/Erth      100%       3d13      1%          3
 Ozocubu's Armour         Ice            37%        N/A       2%          3
 Flame Wave               Conj/Fire      100%       2d21      0%          4
 Brom's Barrelling Bould  Conj/Erth      79%        2d9       1%          4
 Sticky Flame             Fire/Alch      74%        2d12      1%          4
 Arcjolt                  Conj/Air       39%        1d49      1%          5
 Conjure Ball Lightning   Conj/Air       39%        3x3d13    1%          6
 Lee's Rapid Deconstruct  Erth           18%        3d11*     6%          5
 Yara's Violent Unravell  Hex/Alch       18%        3d9       6%          5
 Animate Armour           Summ/Erth      74%        N/A       8%          4
 Leda's Liquefaction      Alch/Erth      18%        N/A       8%          4
 Alistair's Intoxication  Alch           24%        N/A       22%         5
 Metabolic Englaciation   Hex/Ice        18%        N/A       22%         5
 Permafrost Eruption      Ice/Erth       18%        2x4d5     28%         6
 Chain Lightning          Conj/Air       39%        3d52      99%         9
 Enfeeble                 Hex            18%        N/A       100%        7
 Shatter                  Erth           18%        3d17*     100%        9


Dungeon Overview and Level Annotations

Branches:
Dungeon (12/15)            Temple (1/1) D:6            Lair (5/5) D:8
  Swamp (0/4) Lair:3       Spider (2/4) Lair:2        Slime (0/5) Lair:4
    Orc (2/2) D:11            Elf (0/3) Orc:2         Sewer (visited)

Altars:
Ashenzari
Cheibriados
Dithmenos
Elyvilon
Fedhas
Gozag
Hepliaklqana
Kikubaaqudgha
Makhleb
Nemelex Xobeh
Okawaru
Qazlal
Ru
Sif Muna
Trog
Uskayaw
Vehumet
Wu Jian
Xom
Yredelemnul
Zin
The Shining One
Beogh
Jiyva

Shops:
D:9 *   Orc:2 (:*[

Annotations:
D:10 3 runed translucent doors, paps's ghost, journeyman OpEn
Lair:1 exclusion: oklob plant
Lair:4 exclusion: oklob plant


Message History

The jumping spider slams into the rock wall!
The jumping spider is almost dead.
The culicivora rages.
A culicivora comes into view.
The jumping spider pounces on you but does no damage.
The jumping spider bites you but does no damage.
The boulder beetle curls into a ball and begins rolling!
The jumping spider pounces on you!
The jumping spider bites you but does no damage.
The culicivora closely misses you.
The culicivora moves out of view.
Unknown command.
Unknown command.
Unknown command.
Casting: Iskenderun's Mystic Blast (safe; 0% risk of failure)
Confirm with . or Enter, or press ? or * to list all spells.
You erupt in a blast of force!
The mystic blast hits the wolf spider!!
The wolf spider is heavily wounded.
The wolf spider is knocked back by the mystic blast.
The wolf spider slams into the rock wall.
The wolf spider is severely wounded.
The mystic blast hits the tarantella!!!
You kill the tarantella!
Vehumet accepts your kill.
You feel your power returning.
The mystic blast hits the culicivora!
The culicivora is heavily wounded.
The culicivora is knocked back by the mystic blast.
The culicivora slams into the rock wall!
The culicivora is severely wounded.
The mystic blast hits the jumping spider!!
You kill the jumping spider!
Vehumet accepts your kill.
You hear a skittering sound.
A tarantella comes into view.
The culicivora bites you!!
* * * LOW HITPOINT WARNING * * *
The culicivora draws strength from your injuries!
The boulder beetle stops rolling and uncurls.
An orb spider comes into view.
The culicivora bites you!!
You die...

### #
##..#.#
....... ##
.......
#.#.......
#.......#
#†@...#
#ss##..#
#... ....
##ws. .##.
#######..s..
#
#..#.#.B^##
#.....).#
#..<)#^.
##.sy....#


You could see a boulder beetle, a torpor snail, 2 orb spiders and 2 culicivoras.

Vanquished Creatures
  A spark wasp (Spider:1)
  Fannar (Lair:3)
  Erolcha (D:9)
  3 radroaches (Spider:1)
  4 catoblepae (Lair:5)
  3 hydras
  4 two-headed ogres
  4 death yaks (Lair:5)
  A boulder beetle (Spider:1)
  The ghost of Ajdolov the Basher, a novice AtMo of Okawaru (D:6)
  5 demonic crawlers (Spider:1)
  An orc high priest (Orc:2)
  Amaemon (Lair:3)
  3 skysharks
  3 pharaoh ants (Spider:1)
  A goliath frog (Lair:3)
  A sun moth (Spider:1)
  4 steelbarb worms (Spider:1)
  3 wolf spiders (Spider:1)
  6 orc knights
  3 manticores
  7 orc sorcerers (Orc:2)
  2 oklob plants (Lair:2)
  Maurice (D:9)
  A moth of wrath (Spider:2)
  3 meliai (Spider:2)
  3 black mambas (Lair:3)
  17 cane toads
  12 elephants
  4 torpor snails
  A gargoyle (D:9)
  An orange demon (Lair:3)
  An unseen horror (D:11)
  Jeremiah (D:8)
  3 rime drakes
  6 komodo dragons
  Psyche (D:9)
  A troll (Orc:2)
  5 polar bears
  A queen bee (D:10)
  2 hornets
  2 dream sheep (Lair:2)
  14 jumping spiders
  8 tarantellas
  6 blink frogs
  7 culicivoras (Spider:1)
  A spriggan (Lair:5)
  2 shadows
  60 yaks
  5 wyverns
  3 vampires
  8 wargs (Orc:2)
  4 basilisks
  Grum (D:9)
  3 steam dragons
  24 redbacks (Spider:1)
  2 acid dragons
  15 water moccasins
  31 orc warriors
  2 sky beasts (D:7)
  2 ice beasts
  3 black bears
  5 centaurs
  6 ogres
  9 wolves
  A phantom (D:3)
  12 bullfrogs
  4 kobold brigands
  A gnoll sergeant (D:8)
  7 scorpions
  A wight (D:8)
  38 killer bees
  2 howler monkeys
  4 quasits (D:6)
  3 bombardier beetles
  6 hounds
  9 orc priests
  A jelly (D:6)
  Ijyb (D:5)
  3 iguanas
  2 sleepcaps
  43 orc wizards
  4 hell rats (Lair:1)
  2 gnolls
  11 adders
  3 shadow imps
  2 ufetubi (D:6)
  9 dart slugs
  A ribbon worm (D:2)
  95 orcs
  5 endoplasms
  9 giant cockroaches
  8 goblins
  3 hobgoblins
  7 jackals
  5 quokkas
  10 ball pythons
  14 bats
  11 frilled lizards
  22 kobolds
  8 rats
717 creatures vanquished.

Vanquished Creatures (others)
  An orc zombie (Orc:2)
  38 fulminant prisms
39 creatures vanquished.

Grand Total: 756 creatures vanquished

Notes
Turn   | Place    | Note
-------+----------+-------------------------------------------
     0 | D:1      | Querens the Deep Elf Conjurer began the quest for the Orb.
     0 | D:1      | Reached XP level 1. HP: 10/10 MP: 6/6
   121 | D:1      | Reached XP level 2. HP: 14/15 MP: 5/8
   175 | D:1      | Learned a level 2 spell: Searing Ray
   199 | D:1      | Found a faded altar of an unknown god.
   315 | D:1      | Reached skill level 4 in Spellcasting
   353 | D:1      | Reached XP level 3. HP: 9/19 MP: 6/10
   366 | D:1      | Reached skill level 5 in Conjurations
  1117 | D:3      | Reached XP level 4. HP: 22/24 MP: 10/12
  1217 | D:3      | Noticed a phantom
  1229 | D:3      | Killed a phantom
  1230 | D:3      | Reached skill level 5 in Spellcasting
  1230 | D:3      | Reached XP level 5. HP: 12/28 MP: 2/15
  1834 | D:4      | Reached skill level 6 in Spellcasting
  1980 | D:4      | Learned a level 4 spell: Iskenderun's Mystic Blast
  1985 | D:4      | Learned a level 4 spell: Fulminant Prism
  1988 | D:4      | Learned a level 2 spell: Blink
  2278 | D:4      | Reached skill level 1 in Translocations
  2278 | D:4      | Reached XP level 6. HP: 32/32 MP: 11/17
  2398 | D:5      | Entered Level 5 of the Dungeon
  2517 | D:5      | Found a glowing drain.
  2529 | Sewer    | Entered a sewer
  2844 | Sewer    | Reached skill level 7 in Spellcasting
  2844 | Sewer    | Reached XP level 7. HP: 24/36 MP: 10/19
  2855 | Sewer    | Got the Disquisition on Conflagrant Thunder
  2930 | D:5      | Found a hazy altar of Hepliaklqana.
  2934 | D:5      | Found a hide-covered altar of Uskayaw.
  3048 | D:5      | Reached skill level 8 in Spellcasting
  3157 | D:5      | Noticed a steam dragon
  3164 | D:5      | Reached XP level 8. HP: 41/41 MP: 6/22
  3168 | D:5      | Noticed Ijyb
  3183 | D:5      | Killed Ijyb
  3269 | D:5      | Reached skill level 5 in Translocations
  3557 | D:6      | Reached skill level 9 in Spellcasting
  3638 | D:6      | Found a staircase to the Ecumenical Temple.
  3660 | Temple   | Entered the Ecumenical Temple
  3675 | Temple   | Became a worshipper of Vehumet
  3753 | D:6      | Found a transporter.
  3772 | D:6      | Noticed Ajdolov's ghost (novice AtMo)
  3870 | D:6      | Found a transporter.
  3908 | D:6      | Killed Ajdolov's ghost
  3909 | D:6      | Reached skill level 10 in Spellcasting
  3909 | D:6      | Reached XP level 9. HP: 9/45 MP: 0/25
  4187 | D:7      | Reached skill level 11 in Spellcasting
  4209 | D:7      | Reached * piety under Vehumet
  4209 | D:7      | Offered knowledge of Sandblast by Vehumet.
  4220 | D:7      | Learned a level 3 spell: Swiftness
  4230 | D:7      | Learned a level 9 spell: Fire Storm
  4253 | D:7      | Reached skill level 10 in Conjurations
  4308 | D:7      | Reached skill level 1 in Fire Magic
  4473 | D:8      | Found a sacrificial altar of Ru.
  4478 | D:8      | Reached XP level 10. HP: 42/50 MP: 14/27
  4695 | D:8      | Reached ** piety under Vehumet
  4700 | D:8      | Offered knowledge of Foxfire by Vehumet.
  4916 | D:8      | Noticed an elephant
  4921 | D:8      | Killed an elephant
  4922 | D:8      | Reached skill level 12 in Spellcasting
  4923 | D:8      | Noticed a death yak
  4925 | D:8      | Noticed Jeremiah
  5108 | D:8      | Found a staircase to the Lair.
  5154 | D:8      | Killed Jeremiah
  5387 | D:9      | Noticed a gargoyle
  5402 | D:9      | Killed a gargoyle
  5509 | D:9      | Identified the +11 trident of Yesterday {antimagic,
                  | *Corrode rPois Will+ Int+2}
  5532 | D:9      | Found Quops's General Store.
  5542 | D:9      | Bought a scroll of blinking for 105 gold pieces
  5542 | D:9      | Bought a scroll of fear for 56 gold pieces
  5542 | D:9      | Bought a potion of curing for 42 gold pieces
  5542 | D:9      | Bought a scroll of enchant armour for 105 gold pieces
  5568 | D:9      | Noticed Maurice
  5580 | D:9      | Killed Maurice
  5581 | D:9      | Reached skill level 5 in Fire Magic
  5610 | D:9      | Noticed Grum
  5616 | D:9      | Offered knowledge of Dazzling Flash by Vehumet.
  5622 | D:9      | Killed Grum
  5717 | D:9      | Noticed Erolcha
  5723 | D:9      | Killed Erolcha
  5724 | D:9      | Reached XP level 11. HP: 54/54 MP: 8/29
  5731 | D:9      | Reached skill level 13 in Spellcasting
  5743 | D:9      | Noticed Psyche
  5779 | D:9      | Killed Psyche
  5922 | D:9      | Reached *** piety under Vehumet
  5945 | D:9      | Noticed a two-headed ogre
  5999 | D:9      | Killed a two-headed ogre
  6073 | D:9      | Reached skill level 10 in Translocations
  6190 | D:9      | Offered knowledge of Brom's Barrelling Boulder by Vehumet.
  6231 | D:10     | Entered Level 10 of the Dungeon
  6258 | D:10     | Reached **** piety under Vehumet
  6296 | D:10     | Noticed a two-headed ogre
  6304 | D:10     | Killed a two-headed ogre
  6376 | D:10     | Offered knowledge of Hailstorm by Vehumet.
  6535 | D:10     | Reached skill level 14 in Spellcasting
  6555 | D:10     | Found a runed translucent gate.
  6560 | D:10     | Found a runed translucent gate.
  6560 | D:10     | Noticed a skeletal warrior
  6562 | D:10     | Found a runed translucent gate.
  6568 | D:10     | Noticed paps's ghost (journeyman OpEn)
  6569 | D:10     | Noticed a two-headed ogre
  6909 | D:11     | Reached ***** piety under Vehumet
  6910 | D:11     | Reached XP level 12. HP: 47/59 MP: 24/32
  6994 | D:11     | Noticed a two-headed ogre
  7000 | D:11     | Offered knowledge of Ignite Poison by Vehumet.
  7002 | D:11     | Killed a two-headed ogre
  7016 | D:11     | Found a staircase to the Orcish Mines.
  7434 | Orc:1    | Entered Level 1 of the Orcish Mines
  7434 | Orc:1    | Noticed a two-headed ogre
  7440 | Orc:1    | Killed a two-headed ogre
  7625 | Orc:2    | Entered Level 2 of the Orcish Mines
  7746 | Orc:2    | Noticed an orc high priest
  7756 | Orc:2    | Killed an orc high priest
  7757 | Orc:2    | Reached skill level 15 in Spellcasting
  8063 | Orc:2    | Found Edonod's Weapon Shoppe.
  8161 | Orc:2    | Found Cauf's Book Shoppe.
  8178 | Orc:2    | Offered knowledge of Iskenderun's Battlesphere by Vehumet.
  8293 | Orc:2    | Found a staircase to the Elven Halls.
  8370 | Orc:2    | Reached skill level 10 in Fire Magic
  8370 | Orc:2    | Reached XP level 13. HP: 48/63 MP: 11/34
  8404 | Orc:2    | Found Vueph's Distillery.
  8413 | Orc:2    | Bought a potion of degeneration for 11 gold pieces
  8449 | Orc:2    | HP: 2/63 [warg (16)]
  8553 | Orc:2    | Found Kussink's Assorted Antiques.
  8558 | Orc:2    | Bought a scroll labelled BIL QIPOGO for 28 gold pieces
  8572 | Orc:2    | Found a roughly hewn altar of Beogh.
  8577 | Orc:2    | Found Ythroum's Armour Shoppe.
  8613 | Orc:2    | Bought a potion of heal wounds for 55 gold pieces
  8613 | Orc:2    | Bought a potion of heal wounds for 55 gold pieces
  8613 | Orc:2    | Bought a potion of haste for 110 gold pieces
  8613 | Orc:2    | Bought a potion of curing for 33 gold pieces
  8613 | Orc:2    | Bought a potion of curing for 33 gold pieces
  8613 | Orc:2    | Bought a potion of curing for 33 gold pieces
  8613 | Orc:2    | Bought a potion of enlightenment for 55 gold pieces
  8613 | Orc:2    | Bought a potion of lignification for 33 gold pieces
  8613 | Orc:2    | Bought a potion of invisibility for 88 gold pieces
  8613 | Orc:2    | Bought a potion of magic for 88 gold pieces
  8702 | D:11     | Learned a level 5 spell: Iskenderun's Battlesphere
  8835 | Lair:1   | Entered Level 1 of the Lair of Beasts
  8916 | Lair:1   | Reached skill level 16 in Spellcasting
  9996 | Lair:2   | Found a blossoming altar of Fedhas.
 10045 | Lair:2   | Found a hole to the Spider Nest.
 10125 | Lair:3   | Noticed Amaemon
 10140 | Lair:3   | Killed Amaemon
 10141 | Lair:3   | Reached skill level 17 in Spellcasting
 10286 | Lair:3   | Reached skill level 15 in Conjurations
 10361 | Lair:2   | Upgraded the game from 0.32-a0-909-gc671339a80 to
                  | 0.32-a0-913-g739538afd8
 10435 | Lair:3   | Learned a level 8 spell: Lehudib's Crystal Spear
 10483 | Lair:3   | Noticed Fannar
 10541 | Lair:3   | Offered knowledge of Starburst by Vehumet.
 10563 | Lair:3   | Found a staircase to the Swamp.
 10820 | Lair:3   | Killed Fannar
 10992 | Lair:4   | Reached XP level 14. HP: 52/68 MP: 11/37
 11018 | Lair:4   | Found a viscous altar of Jiyva.
 11019 | Lair:4   | Found a staircase to the Slime Pits.
 11033 | Lair:4   | Learned a level 6 spell: Starburst
 11297 | Lair:5   | Entered Level 5 of the Lair of Beasts
 11348 | Lair:5   | Identified the +1 leather armour of Day {^Drain rF++ Int+3
                  | Dex+2}
 11399 | Lair:5   | Reached skill level 18 in Spellcasting
 12295 | Lair:5   | Got an earthy gem with 284 turns to spare
 12300 | Lair:5   | Identified the +5 spear "Deggaoqa" {flame, *Noise Dex+3
                  | SInv}
 12450 | Spider:1 | Entered Level 1 of the Spider Nest
 12460 | Spider:1 | Reached ****** piety under Vehumet
 12461 | Spider:1 | Reached skill level 19 in Spellcasting
 12649 | Spider:1 | Offered knowledge of Orb of Destruction by Vehumet.
 12871 | Spider:1 | Learned a level 7 spell: Orb of Destruction
 13069 | Spider:1 | Reached XP level 15. HP: 72/72 MP: 30/40
 13283 | Spider:1 | Identified the +0 ring mail of Apathy {+Inv rN+ Dex+2}
 13700 | Spider:2 | Reached skill level 20 in Spellcasting
 13702 | Spider:2 | Demolished by a culicivora

Illustrated notes

Levels and vault maps discovered:
D:1:      ncdulo_watergridlock, layout_loops_ring, ebering_ecumenical_altar_rust
D:2:      layout_loops_ring, minmay_misc_feat_roman, minmay_tall_x
D:3:      layout_basic, serial_forest, infiniplex_forest_zigzag_2,
          infiniplex_forest_straight_2, infiniplex_forest_clump_long,
          infiniplex_forest_end_1, interstate_on_off,
          ebering_dispersal_statue_hall, roderic_batcave
D:4:      layout_loops_corners, chequers_serial_rivers_micro_a
D:5:      layout_basic, chequers_temple_overflow_statue_of_worship,
          portal_sewer_entry_d, minmay_manual_monstrance, uniq_ijyb
D:6:      layout_cave_pools, temple_pool_b, gammafunk_ghost_stat_death
D:7:      minmay_slanted_spiral_squares, layout_rooms
D:8:      layout_cave_pods, david_lair_generic, minmay_ruined_shrine,
          uniq_jeremiah
D:9:      layout_loops_ring, serial_shops, nicolae_shop_pleasant_corner_grove,
          minivault_22, minmay_joined_circles, uniq_psyche, uniq_grum,
          uniq_erolcha, uniq_maurice
D:10:     layout_roguey [special_room_bee], gammafunk_ghost_split
D:11:     layout_loops_ring, hiddenorc1_lemuel
D:12:     layout_small_grid, maelrawn_ghost_gauntlet_escape,
          minmay_misc_feat_pillars, kennysheep_generic_room_3
Temple:   nicolae_temple_bog_church
Lair:1:   layout_cave_pods
Lair:2:   layout_chaotic_city, dummy_spider_entry, hangedman_tree_tricks
Lair:3:   layout_regular_city, mainiacjoe_swamp_entry_lozenge_pond,
          uniq_amaemon, uniq_fannar
Lair:4:   layout_cave_shapes, slime_entry_1, lemuel_fruit_fields,
          grunt_megastairs_5, lemuel_fruit_tree
Lair:5:   evilmike_catoblepas_cave, layout_layer_cave, wad_woods_03
Spider:1: layout_chambers, hellmonk_watch_for_rolling_rocks
Spider:2: layout_spider_delve
Orc:1:    layout_diamond_mine, serial_shops
Orc:2:    st_orc_town, layout_diamond_mine, serial_shops,
          nicolae_lakefront_shop, nicolae_orc_crystal_geode

Skill      XL: |  1  2  3  4  5  6  7  8  9 10 11 12 13 14 15 |
---------------+----------------------------------------------+-----
Spellcasting   | 4 5 6 7 8 10 11 12 14 15 17 19 20 | 20.0
Conjurations   | 5 6 7 9 10 11 12 13 15 16 17 | 17.3
Translocations | 1 2 4 6 8 9 11 12 | 12.0
Fire Magic     | 2 5 7 10 12 13 14 | 14.5
Dodging        | |  2.4
Stealth        | |  2.4

Action                     |  1- 3 |  4- 6 |  7- 9 | 10-12 | 13-15 || total
---------------------------+-------+-------+-------+-------+-------++-------
  Melee: Short sword       |    66 |   117 |    38 |     5 |       ||   226
         Dagger            |       |       |       |    75 |    49 ||   124
         Spear             |       |       |       |       |     4 ||     4
   Cast: Magic Dart        |    18 |    26 |     5 |     1 |   107 ||   157
         Searing Ray       |    11 |    25 |    25 |    19 |    35 ||   115
         Fulminant Prism   |       |     1 |     3 |    14 |    20 ||    38
         Iskenderun's Myst |       |       |    25 |   161 |   214 ||   400
         Iskenderun's Batt |       |       |       |       |    50 ||    50
         Starburst         |       |       |       |       |    27 ||    27
         Orb of Destructio |       |       |       |       |     2 ||     2
  Evoke: Wand              |       |       |    25 |    30 |    13 ||    68
    Use: Potion            |       |     2 |       |     2 |     2 ||     6
         Scroll            |       |       |     1 |     7 |     7 ||    15
   Stab: Sleeping          |     6 |     2 |     1 |       |     1 ||    10
         Distracted        |       |       |       |     1 |       ||     1
 Armour: Robe              |    35 |   150 |    49 |    26 |   130 ||   390
         Steam dragon scal |       |       |       |   137 |       ||   137
         Skin              |       |       |       |     3 |       ||     3
  Dodge: Dodged            |    55 |   134 |    34 |   154 |    74 ||   451

Table legend: (Time is in decaauts)
 A = Elapsed time spent in this place.
 B = Non-inter-level travel time spent in this place.
 C = Inter-level travel time spent in this place.
 D = Time resting spent in this place.
 E = Time spent auto-exploring this place.
 F = Levels seen in this place.
 G = Mean time per level.
                   A        B        C        D        E       F      G
               +--------+--------+--------+--------+--------+-----+--------+
         Total |  13823 |  12518 |   1305 |     52 |      0 |  23 |  601.0 |
       Dungeon |   7288 |   6454 |    834 |     31 |      0 |  12 |  607.3 |
        Temple |     35 |     19 |     16 |      4 |      0 |   1 |   35.0 |
          Lair |   3731 |   3367 |    364 |     17 |      0 |   5 |  746.2 |
   Spider Nest |   1152 |   1122 |     30 |      0 |      0 |   2 |  576.0 |
  Orcish Mines |   1233 |   1174 |     59 |      0 |      0 |   2 |  616.5 |
         Sewer |    382 |    382 |      0 |      0 |      0 |   1 |  382.0 |
               +--------+--------+--------+--------+--------+-----+--------+

Top non-repeatable levels by time:
Spider:1: 1140 daAuts
  Lair:5: 1072 daAuts
     D:9: 929 daAuts
   Orc:2: 901 daAuts
     D:8: 839 daAuts
     D:4: 772 daAuts
  Lair:2: 765 daAuts
  Lair:3: 743 daAuts
     D:5: 734 daAuts
    D:11: 687 daAuts
  Lair:1: 683 daAuts
     D:1: 600 daAuts
     D:3: 595 daAuts
    D:10: 593 daAuts
     D:7: 537 daAuts
